 Dungeon Crawl Stone Soup version 0.29.1-2-gbd0b4ee654 (webtiles) character file.

Game seed: 4559856413306155140

125 Descartes the Ducker (level 4, -2/19 HPs)
             Began as a Felid Transmuter on Nov 4, 2022.
             Was a Follower of Elyvilon.
             Killed by nerve-wracking pain
             ... invoked by Menkaure
              (8 damage)
             ... on level 3 of the Dungeon.
             The game lasted 00:06:06 (5154 turns).

Descartes the Ducker (Felid Transmuter)             Turns: 5154, Time: 00:06:07

Health: -2/19      AC:  1    Str:  8    XL:     4   Next: 82%
Magic:  8/8        EV: 18    Int: 14    God:    Elyvilon [*.....]
Gold:   222        SH:  0    Dex: 16    Spells: 4/7 levels left
                                        Lives:  0   Deaths: 1

rFire   . . .      SeeInvis +     - Unarmed
rCold   . . .      Faith    .   (shield unavailable)
rNeg    . . .      Spirit   .   (body armour unavailable)
rPois   .          Reflect  .   (helmet unavailable)
rElec   .          Harm     .   (cloak unavailable)
rCorr   .          Rampage  .   (gloves unavailable)
Will    .....                   (boots unavailable)
Stlth   +++.......              (no amulet)
HPRegen 0.06/turn               (no ring)
MPRegen 0.11/turn               (no ring)

@: appendages (expiring), quick
A: horns 2, very small, claws 1, fangs 3, see invisible, speed 1, shaggy fur 1,
stealthy paws, no weapons or thrown items, no armour, multi-lived
a: End Transformation, Renounce Religion, Purification


You were on level 3 of the Dungeon.
You worshipped Elyvilon.
Elyvilon was aware of your devotion.
You had temporarily grown beastly horns.
You visited 2 branches of the dungeon, and saw 5 of its levels.

You collected 222 gold pieces.

Inventory:

Jewellery
 g - an amulet of faith
 q - a ring of flight
Scrolls
 c - a scroll of enchant weapon {unknown}
 d - a scroll of silence {unknown}
 e - 6 scrolls of identify {unknown}
 i - a scroll of enchant armour {unknown}
 k - a scroll of poison {unknown}
 m - 2 scrolls of teleportation {unknown}
 n - 2 scrolls of fear {unknown}
 p - 4 scrolls of vulnerability {unknown}
 r - a scroll of fog {unknown}
Potions
 a - a potion of lignification
 b - 7 potions of curing {unknown}
 f - a potion of might {unknown}
 h - 2 potions of heal wounds {unknown}
 j - a potion of cancellation {unknown}
 l - a potion of degeneration {unknown}
 o - 2 potions of haste {unknown}
 s - 2 potions of brilliance {unknown}
 t - a potion of magic {unknown}


   Skills:
 - Level 1.0 Fighting
 + Level 4.3 Dodging
 + Level 3.5 Stealth
 + Level 3.9 Unarmed Combat
 - Level 2.0 Spellcasting
 + Level 3.6 Transmutations


You had 4 spell levels left.
You knew the following spells:

 Your Spells              Type           Power      Damage    Failure   Level
a - Beastly Appendage     Tmut           22%        N/A       5%          1
b - Wereblood             Tmut           11%        N/A       9%          2

Your spell library contained the following spells:

 Spells                   Type           Power      Damage    Failure   Level
 Spider Form              Tmut/Pois      6%         N/A       34%         3
 Ice Form                 Ice/Tmut       6%         N/A       75%         4


Dungeon Overview and Level Annotations

Branches:
Dungeon (4/15)             Temple (1/1) D:4

Altars:
Ashenzari
Dithmenos
Elyvilon
Fedhas
Kikubaaqudgha
Nemelex Xobeh
Okawaru
Qazlal
Sif Muna
Trog
Uskayaw
Vehumet
Wu Jian
Zin
The Shining One

Annotations:
D:3 Menkaure


Innate Abilities, Weirdness & Mutations

You have temporarily grown beastly horns.
You have sharp claws.
You have razor-sharp teeth.
You have supernaturally acute eyesight. (SInv)
You cover ground quickly. (Speed+)
You are covered in fur. (AC +1)
Your paws help you pounce on unaware monsters.
You are incapable of wielding weapons or throwing items.
You cannot wear armour.
You gain extra lives every three experience levels.


Message History

Casting: Beastly Appendage (safe; 5% risk of failure)
Confirm with . or Enter, or press ? or * to list all spells.
You grow a pair of large bovine horns.
Menkaure giggles, "These cerements are ticklish..."
Menkaure calls on the powers of darkness!
Your body is wracked with pain!
You climb upwards.
There is a stone staircase leading down here.
Your transformation is almost over.
Your horns disappear.
HP restored.
Done exploring.
Casting: Beastly Appendage (safe; 5% risk of failure)
Confirm with . or Enter, or press ? or * to list all spells.
You grow a pair of large bovine horns.
You climb downwards.
Level annotation: Menkaure Your transformation is almost over.
There is a stone staircase leading up here.
Menkaure hits you!
Ouch! That really hurt!
You climb upwards.
There is a stone staircase leading down here.
You barely miss Menkaure. You headbutt Menkaure.
Menkaure is moderately damaged.
Menkaure misses you.
You scratch Menkaure but do no damage. You headbutt Menkaure.
Menkaure is heavily damaged.
You scratch Menkaure.
Menkaure is heavily damaged.
Menkaure completely misses you.
You scratch Menkaure.
Menkaure is severely damaged.
Menkaure completely misses you.
You scratch Menkaure but do no damage.
You headbutt Menkaure, but do no damage.
Menkaure is severely damaged.
Menkaure casts a spell at you. Pain shoots through your body!
You die...

######### #.#
........# #.#
........# #.#
........# #.#
........# #.#
........# #.#
.......^# #.#
......########.###
................@#
.....†.#######.#M#
.......# #...#
.......# #####
.......# ......##
......#
......##############
###'##.............#


You could see Menkaure.

Vanquished Creatures
  Jessica (D:2)
  An orc wizard (D:4)
  6 adders
  2 worms
  A dart slug (D:1)
  2 orcs (D:4)
  6 ball pythons
  4 bats
  6 endoplasms
  3 giant cockroaches
  4 goblins
  6 hobgoblins
  3 jackals (D:1)
  2 quokkas
  3 frilled lizards
  8 kobolds
  8 rats
66 creatures vanquished.

Vanquished Creatures (others)
  5 plants (D:4)
5 creatures vanquished.

Grand Total: 71 creatures vanquished

Notes
Turn   | Place    | Note
-------+----------+-------------------------------------------
     0 | D:1      | Descartes the Felid Transmuter began the quest for the Orb.
     0 | D:1      | Reached XP level 1. HP: 9/9 MP: 4/4
    94 | D:1      | Reached skill level 1 in Stealth
   115 | D:1      | Reached skill level 3 in Dodging
   264 | D:1      | Reached XP level 2. HP: 12/12 MP: 4/6
   746 | D:1      | Reached XP level 3. HP: 10/15 MP: 5/7
  1131 | D:2      | Noticed Jessica
  1137 | D:2      | Killed Jessica
  1270 | D:2      | Reached XP level 4. HP: 10/19 MP: 6/8
  1533 | D:2      | Found a faded altar of an unknown god.
  1535 | D:2      | Identified the +4 dagger of Malaise {holy, Dex+2}
  2380 | D:3      | Succumbed to an adder's poison
  2381 | D:3      | Reached XP level 3. HP: -1/15 MP: 7/7
  2861 | D:3      | Reached skill level 4 in Dodging
  3322 | D:3      | Reached XP level 4. HP: 13/19 MP: 6/8
  3693 | D:3      | Found a faded altar of an unknown god.
  3697 | D:3      | Found an iron altar of Okawaru.
  3846 | D:4      | Found a staircase to the Ecumenical Temple.
  3858 | Temple   | Entered the Ecumenical Temple
  4062 | Temple   | Became a worshipper of Elyvilon the Healer
  4418 | D:4      | Learned a level 2 spell: Wereblood
  4968 | D:4      | Reached * piety under Elyvilon
  5002 | D:4      | Noticed Menkaure
  5154 | D:3      | Killed from afar by Menkaure

Illustrated notes

Levels and vault maps discovered:
D:1:      heliophobic_arrival_ceremonial_halls, layout_loops_ring,
          grunt_decor_mini_mirrors, minmay_tetromino_i2
D:2:      minmay_razor_zed, layout_basic, shapermc_ecumenical_altar_gd,
          uniq_jessica
D:3:      layout_basic, nicolae_overflow_ecumenical_swirl, roderic_lattice_a,
          minivault_23
D:4:      layout_basic, minmay_overflow_temple_star_quad,
          mainiacjoe_overflow_catch_the_wave, minmay_temple_entry_overgrown,
          uniq_menkaure, uniq_pargi
Temple:   eino_temple_water

Skill      XL: |  1  2  3 |
---------------+----------+-----
Stealth        | 1 3 |  3.5
Dodging        | 3 4 |  4.3
Transmutations | 3 |  3.6
Fighting       | |  1.0
Unarmed Combat | |  3.9
Spellcasting   | |  2.0

Action                   |  1- 3 |  4- 6 || total
-------------------------+-------+-------++-------
Melee: Unarmed           |    85 |   110 ||   195
       Headbutt          |    14 |    24 ||    38
       Bite              |     6 |     7 ||    13
       Punch             |     3 |     3 ||     6
 Cast: Beastly Appendage |    28 |    23 ||    51
 Stab: Sleeping          |     5 |     1 ||     6
Armor: Skin              |     2 |     6 ||     8
Dodge: Dodged            |    58 |    81 ||   139
